Map: Dreamcatcher LE

Players

Rail - Winner!

  • Race: Protoss Protoss
  • Spawn Location: 5:00

AlaSReformed (AlaStOr)

  • Race: Zerg Zerg
  • Spawn Location: 11:00

Event: WCS Valencia 2018

VOD

Have the link to the VOD?

Description

Time

  • Played on: July 12, 2018, 9:38 a.m.
  • Length: 6:58

All games in this series

Show
View Real Time Build Order
Export as new Build Order

Rail Protoss - Winner!

Build Orders: 1 Gate Expand 

Get SALT Encoding   

  12  0:00  Probe  
  13  0:12  Probe  
  14  0:18  Pylon  
  14  0:24  Probe  
  15  0:32  Probe  
  15  0:39  Gateway  
  15  0:40  Probe  
  16  0:47  Assimilator  
  17  0:51  Probe  
  18  1:03  Probe  
  19  1:21  Nexus  
  19  1:30  Cybernetics Core  
  19  1:33  Probe  
  19  1:39  Assimilator  
  20  1:43  Probe  
  21  1:49  Pylon  
  21  1:51  Probe  
  21  1:59  Probe  
  22  2:08  Stalker  
  25  2:12  Probe  
  26  2:22  Probe  
  26  2:23  Warp Gate  
  27  2:30  Probe x2  
  27  2:32  Twilight Council  
  29  2:38  Adept, Probe x2  
  33  2:48  Probe  
  33  2:50  Probe, Charge  
  35  2:57  Robotics Facility  
  35  3:00  Probe  
  35  3:02  Probe  
  38  3:12  Probe  
  38  3:14  Probe  
  38  3:17  Gateway  
  39  3:22  Gateway  
  39  3:25  Probe  
  40  3:27  Probe  
  40  3:33  Gateway  
  41  3:38  Probe  
  41  3:40  Pylon  
  42  3:42  Warp Prism  
  44  3:51  Pylon  
  44  3:53  Probe  
  45  3:56  Pylon  
  45  4:04  Gateway  
  45  4:12  Gateway, Observer  
  45  4:17  Pylon  
  46  4:27  Zealot x3  
  46  4:29  Zealot  
  54  4:34  Immortal, Pylon  
  58  4:49  Zealot  
  58  4:50  Zealot x2  
  58  4:51  Zealot  
  54  5:00  Probe  
  54  5:03  Zealot  
  56  5:10  Zealot  
  56  5:13  Zealot x2  
  52  5:24  Zealot x2  
  45  5:36  Sentry, Zealot  
  45  5:37  Zealot  
  45  5:41  Probe x2  
  53  5:46  Pylon  
  53  5:56  Zealot x2  
  58  6:02  Probe  
  58  6:08  Zealot x3  
  64  6:12  Zealot  
  64  6:28  Zealot x3  
  64  6:29  Zealot  
  66  6:37  Zealot x2  
  56  6:49  Zealot  
  56  6:50  Zealot x2  
  62  6:55  Zealot  
Show
View Real Time Build Order
Export as new Build Order

AlaSReformed Zerg 

Build Orders: Hatch First 

Get SALT Encoding   

  12  0:00  Drone  
  13  0:12  Overlord  
  13  0:16  Drone  
  14  0:30  Drone x2  
  14  0:34  Drone  
  17  0:51  Hatchery  
  17  0:54  Drone  
  17  0:58  Drone  
  18  1:11  Spawning Pool  
  17  1:13  Drone  
  17  1:17  Extractor  
  17  1:20  Drone  
  18  1:29  Drone  
  19  1:38  Overlord  
  19  1:55  Drone  
  19  1:57  Queen  
  22  2:01  Evolution Chamber  
  22  2:02  Drone  
  22  2:03  Queen  
  22  2:04  Zergling x2  
  22  2:07  Evolution Chamber  
  25  2:11  Drone  
  26  2:19  Drone  
  26  2:22  Drone  
  28  2:25  Drone  
  29  2:33  Drone  
  29  2:34  Zerg Melee Weapons Level 1  
  29  2:36  Drone  
  31  2:39  Queen  
  33  2:44  Overlord  
  33  2:47  Drone  
  34  2:54  Drone  
  34  2:56  Metabolic Boost  
  35  3:00  Drone  
  36  3:10  Hatchery  
  35  3:17  Drone x3  
  38  3:20  Drone x2  
  38  3:24  Overlord  
  40  3:30  Drone x2  
  42  3:36  Extractor  
  41  3:44  Zergling x6  
  41  3:48  Zergling x8  
  46  3:49  Zergling x2, Queen  
  46  3:52  Zergling x2  
  52  3:57  Overlord  
  52  4:04  Overlord  
  52  4:15  Overlord  
  52  4:16  Zergling x8  
  56  4:18  Zergling x2  
  56  4:22  Zergling x4  
  56  4:23  Zergling x4  
  61  4:25  Queen  
  61  4:27  Zergling x2  
  64  4:33  Zergling x2  
  64  4:34  Zergling x2  
  63  4:50  Zergling x6  
  63  4:54  Zergling x8  
  63  4:55  Zergling x2  
  63  4:59  Zergling x4  
  66  5:02  Zergling x4  
  67  5:09  Zergling x6  
  61  5:21  Lair  
  61  5:24  Zergling x8  
  58  5:30  Zergling x4  
  56  5:36  Zergling x4  
  56  5:43  Drone x4  
  56  5:44  Drone x2  
  56  5:45  Queen  
  56  5:46  Queen  
  56  5:48  Zergling x2  
  66  5:54  Spine Crawler  
  66  5:56  Zergling x6  
  66  6:00  Zergling x2  
  66  6:03  Zergling x4  
  69  6:10  Zergling x2  
  67  6:14  Zergling x2  
  67  6:15  Zergling x2  
  67  6:17  Zergling x8  
  73  6:21  Zergling x4, Queen  
  74  6:27  Zergling x6  
  62  6:35  Zergling x2  
  62  6:38  Zergling x4  
Tags
 
Add a new tag
Caveats
  • Supply blocks, unpowered buildings, or Contaminate may cause inaccurate times.
  • Supply counts are checked every 10 seconds.